 Dungeon Crawl Stone Soup version 0.27.1-33-g824d729ab1 (webtiles) character file.

Game seed: 3429136808936748100

4 H0rd4k the Charlatan (level 1, -1/15 HPs)
             Began as a Human Artificer on Dec 22, 2021.
             Slain by a ball python (3 damage)
             ... on level 1 of the Dungeon.
             The game lasted 00:00:17 (348 turns).

H0rd4k the Charlatan (Human Artificer)               Turns: 348, Time: 00:00:17

Health: -1/15      AC:  3    Str: 12    XL:     1   Next: 66%
Magic:  1/1        EV: 11    Int: 11    God:
Gold:   0          SH:  0    Dex: 13    Spells: 0/0 levels left

rFire    . . .     SeeInvis .   a - +0 club
rCold    . . .     Faith    .   (no shield)
rNeg     . . .     Spirit   .   b - +0 leather armour
rPois    .         Reflect  .   (no helmet)
rElec    .         Harm     .   (no cloak)
rCorr    .         Rampage  .   (no gloves)
Will     .....                  (no boots)
Stlth    +.........             (no amulet)
HPRegen  0.05/turn              (no ring)
MPRegen  0.07/turn              (no ring)

@: no status effects
A: no striking features
a: no special abilities


You were on level 1 of the Dungeon.
You visited 1 branch of the dungeon, and saw 1 of its levels.

Inventory:

Hand Weapons
 a - a +0 club (weapon)
Armour
 b - a +0 leather armour (worn)
Wands
 c - a wand of flame (13) (quivered)
 d - a wand of charming (15)
Miscellaneous
 e - a piece from Xom's chessboard (15/15)


   Skills:
 + Level 1.0 Fighting
 - Level 2.0 Armour
 + Level 1.0 Dodging
 - Level 1.0 Stealth
 + Level 3.3 Evocations


You couldn't memorise any spells.
You didn't know any spells.
Your spell library was empty.

Dungeon Overview and Level Annotations

Branches:
Dungeon (1/15)

Altars:


Message History

A giant cockroach comes into view.
A ball python comes into view.
An endoplasm comes into view.
The giant cockroach bites you but does no damage.
You barely miss the giant cockroach.
The endoplasm quivers.
The giant cockroach closely misses you. The giant cockroach bites you.
A rat comes into view.
You barely miss the giant cockroach.
The giant cockroach bites you but does no damage.
The hobgoblin hits you but does no damage.
You closely miss the frilled lizard. The giant cockroach bites you.
The frilled lizard barely misses you. The hobgoblin misses you.
The giant cockroach bites you but does no damage.
The frilled lizard closely misses you.
You barely miss the quokka. The quokka closely misses you.
The hobgoblin misses you.
The giant cockroach bites you but does no damage.
The frilled lizard bites you. The quokka misses you.
The endoplasm closely misses you. The hobgoblin misses you.
The giant cockroach bites you.
You hit the quokka.
The quokka is heavily wounded.
The quokka barely misses you. The frilled lizard barely misses you.
The endoplasm freezes you.
You are frozen.
The giant cockroach misses you.
The ball python bites you but does no damage.
The ball python grabs you. The ball python constricts you.
The hobgoblin hits you.
* * * LOW HITPOINT WARNING * * *
You escape the ball python's grasp.
The quokka closely misses you.
The giant cockroach bites you but does no damage.
The hobgoblin closely misses you. The quokka barely misses you.
The giant cockroach closely misses you.
The giant cockroach bites you but does no damage.
Found 8 gold pieces.
The quokka closely misses you.
There is a stone staircase leading down here.
The giant cockroach bites you.
* * * LOW HITPOINT WARNING * * *
The quokka barely misses you. The ball python bites you.
You die...

.... ... . ### ..# .. ..
#..## ## ...##. #...# .
.. .....##.#.#... .#
#.##......$... .#
#..#..@.# #
..##....SrB#.## .
......##lr#..#...
#######.....Jgr.......
#.......##..#.........
#.....................
####..)............##.>..
...........###...........
####........##...........


You could see an endoplasm, a quokka, a giant cockroach, a hobgoblin, a ball
python, a frilled lizard and 2 rats.

Vanquished Creatures
  An endoplasm (D:1)
  A goblin (D:1)
  A hobgoblin (D:1)
3 creatures vanquished.

Notes
Turn   | Place    | Note
-------+----------+-------------------------------------------
     0 | D:1      | H0rd4k the Human Artificer began the quest for the Orb.
     0 | D:1      | Reached XP level 1. HP: 15/15 MP: 1/1
   348 | D:1      | Slain by a ball python

Illustrated notes

Levels and vault maps discovered:
D:1:      psy_arrival_fountain, layout_rooms, minmay_pentomino_x4

Action                   || total
-------------------------++-------
Melee: Club              ||    12
Evoke: Wand              ||     2
Armor: Leather armour    ||    10
Dodge: Dodged            ||    24
